 Dungeon Crawl Stone Soup version 0.26-a0-712-ga5a9c9c9d0 (webtiles) character file.

Game seed: 1576513739863174046

(classic levelgen) 302416 EnegeticOcto the Tortoise (level 19, 53/182 HPs)
             Began as a Deep Dwarf Fighter on Nov 4, 2020.
             Was the Champion of Makhleb.
             Quit the game on level 3 of the Realm of Zot.
             The game lasted 00:19:53 (15812 turns).

EnegeticOcto the Tortoise (Deep Dwarf Fighter)     Turns: 15812, Time: 00:19:54

Health: 53/182     AC: 35    Str: 34 (35) XL:     19   Next: 81%
Magic:  0/0        EV:  7    Int:  8 (9)  God:    Makhleb [******]
Gold:   1608       SH: 24    Dex: 23 (24) Spells: 46/46 levels left

rFire    + . .     SeeInvis .   P - +6 war axe (flame)
rCold    + . .     Faith    .   U - +3 kite shield of Indomitability {Str+4}
rNeg     + . .     Spirit   .   G - +9 scales of the Dragon King {rPois rF+ rC+ MR+}
rPois    +         Reflect  +   H - +1 helmet
rElec    .         Harm     .   K - +0 cloak
rCorr    .         Rampage  .   D - +0 pair of gloves
MR       +++..                  L - +0 pair of boots
Stlth    ..........             N - amulet "Miadim" {Reflect Str+3 Dex+6 SH+5}
HPRegen  0.00/turn              V - +4 ring of protection
MPRegen  0.07/turn              A - +6 ring of dexterity

@: non-regenerating
A: damage resistance, heal wounds, blurry vision 1, deformed body, deterioration
1, low mp 2, negative energy resistance 1, sense surroundings 3, no potion heal
1, subdued magic 2, no regeneration
0: Orb of Zot
}: 3/15 runes: decaying, abyssal, gossamer
a: Heal Wounds, Minor Destruction, Lesser Servant of Makhleb, Major Destruction,
Greater Servant of Makhleb, Renounce Religion


You were on level 3 of the Realm of Zot.
You worshipped Makhleb.
Makhleb was exalted by your worship.
You visited 8 branches of the dungeon, and saw 40 of its levels.
You visited the Abyss 1 time.
You also visited: Bailey and Ice Cave.

You collected 1608 gold pieces.

Inventory:

Hand Weapons
 P - a +6 war axe of flaming (weapon)
Missiles
 m - 4 throwing nets (quivered)
Armour
 b - a +0 scale mail
 c - a +1 kite shield
 k - a +0 chain mail
 C - a +4 plate armour of fire resistance
 D - a +0 pair of gloves (worn)
 G - the +9 scales of the Dragon King (worn) {rPois rF+ rC+ MR+}
   (You found it on level 10 of the Dungeon)

   It protects you from fire.
   It protects you from cold.
   It protects you from poison.
   It affects your resistance to hostile enchantments.
 H - a +1 helmet (worn)
 K - a +0 cloak (worn)
 L - a +0 pair of boots (worn)
 U - the +3 kite shield of Indomitability (worn) {Str+4}
   (You found it on level 4 of the Swamp)

   It affects your strength (+4).
Jewellery
 a - a +6 ring of strength {unknown}
 o - an uncursed ring of protection from cold
 A - a +6 ring of dexterity (right hand)
 F - an uncursed ring of resist corrosion {unknown}
 N - the amulet "Miadim" (around neck) {Reflect Str+3 Dex+6 SH+5}
   (You found it in an ice cave)

   [amulet of reflection]

   It shields you and reflects attacks.
   It affects your strength (+3).
   It affects your dexterity (+6).
   It affects your SH (+5).
 V - a +4 ring of protection (left hand)
Wands
 h - a wand of digging (3) {@v3}
 u - a wand of acid (18) {@v1}
 E - a wand of enslavement (7)
 O - a wand of paralysis (28)
 T - a wand of iceblast (16) {@v2}
 X - a wand of disintegration (9)
Scrolls
 e - 2 scrolls of teleportation {@r3}
 l - a scroll of remove curse {@r2}
 s - a scroll of silence
 t - 3 scrolls of identify {@r1}
 x - 2 scrolls of amnesia
 y - 3 scrolls of immolation {@r4}
 z - a scroll of fog
 J - a scroll of magic mapping {@r5}
 R - a scroll of brand weapon {unknown}
Potions
 d - 3 potions of might {@q3}
 f - 3 potions of flight
 i - 5 potions of ambrosia
 j - 3 potions of mutation
 n - 2 potions of haste {@q4}
 p - 3 potions of brilliance
 q - a potion of lignification
 r - 5 potions of berserk rage
 v - 4 potions of curing {@q1}
 w - 2 potions of heal wounds {@q2}
 Q - a potion of stabbing {unknown}
 S - a potion of degeneration {unknown}
Miscellaneous
 B - a tin of tremorstones (3/3)


   Skills:
 - Level 14.2 Fighting
 - Level 16.0 Axes
 - Level 16.4 Armour
 - Level 15.0 Shields
 + Level 14.4 Spellcasting
 - Level 15.0 Invocations
 - Level 10.0 Evocations


You had 46 spell levels left.
You didn't know any spells.
Your spell library was empty.

Dungeon Overview and Level Annotations

Branches:
Dungeon (15/15)            Temple (1/1) D:4            Lair (4/6) D:11
  Swamp (4/4) Lair:4       Spider (4/4) Lair:2          Orc (2/2) D:11
    Elf (0/3) Orc:2        Vaults (0/5) D:13         Depths (5/5) D:15
    Zot (5/5) Depths:5     Bailey (visited)           IceCv (visited)

Altars:
Ashenzari
Cheibriados
Dithmenos
Elyvilon
Fedhas
Gozag
Hepliaklqana
Kikubaaqudgha
Makhleb
Nemelex Xobeh
Okawaru
Qazlal
Ru
Sif Muna
Trog
Uskayaw
Vehumet
Wu Jian
Xom
Yredelemnul
Zin
The Shining One

Shops:
D:5 =   D:11 :   D:13 (

Portals:
Abyss: Depths:1 Depths:4
Ziggurat: Depths:4

Annotations:
D:4 3 runed translucent doors, p0werm0de's ghost, amateur GrFi
D:9 1 runed translucent door, Flugslaktarn's ghost, novice HaGl
Lair:3 1 runed translucent door, PanSaczeczos's ghost, journeyman GrEE
Zot:3 3 runed translucent doors, Bolloll's ghost, adept DDFi


Innate Abilities, Weirdness & Mutations

You are resistant to damage.
You can heal yourself by infusing magical energy.
You resist negative energy. (rN+)
You passively map a large area around you.
You do not regenerate.
Scrolls take you a little longer to read.
Armour fits poorly on your strangely shaped body.
Your body sometimes deteriorates upon taking damage.
Your magical capacity is very low. (-20% MP)
Potions are less effective at restoring your health.
Your spells are easier to cast, but less powerful.


Message History

The Orb Guardian blinks!
The electric golem blinks!
The Orb Guardian blinks! x5
The green draconian blinks!
The black draconian shifter blinks!
The Orb Guardian blinks! x2; You blink.
The moth of wrath blinks!
The Killer Klown throws klown pie at you.
The klown pie misses you.
An Orb Guardian comes into view.
The electric golem crackles and sizzles.
The electric golem blinks!
You start to feel less resistant.
The electric golem crackles and sizzles.
The orb of fire disappears! x2
The electric golem blinks!
You block the Orb Guardian's attack.
The Orb Guardian disappears!
The black draconian shifter blinks!
The electric golem blinks!
You block the Orb Guardian's attack.
You see here the Orb of Zot.
You pick up the Orb of Zot!
The Orb lets out a hideous shriek!
The lords of Pandemonium are not amused.
Beware!
Now all you have to do is get back out of the dungeon!
The electric golem blinks!
You hear a loud "Zot"!
The Orb Guardian disappears! x2; The Orb Guardian reappears nearby!
Really walk into that permanent teleport trap?
You enter a permanent teleport trap!
Your surroundings suddenly seem different.
Found 16 stones.
Okay, then.
Your system partially rejects the healing.
You feel much better.
Your extra speed is starting to run out.
The red draconian scorcher roars!
You hear a roar! x3
You feel much better.
Your resistance to elements expires.
Your magical essence is drained by the effort!
You feel much better.
You don't have enough innate magic capacity.
Found 3 scrolls of fear.
A green draconian scorcher comes into view.
It is wielding a +0 rapier.
A yellow draconian annihilator comes into view.
It is wielding a +0 rapier.
The green draconian scorcher moves out of view.
A green draconian comes into view. It is wielding a +0 mace.
The green draconian roars!
You hear a roar! x2
The green draconian breathes poison at you.
A white draconian comes into view. It is wielding a +0 trident.
You feel yourself slow down.
A red draconian comes into view. It is wielding a +0 hand axe.
A quicksilver dragon comes into view.
The red draconian is engulfed in poison gas.
The red draconian is poisoned.
The yellow draconian annihilator is poisoned.
The yellow draconian annihilator mumbles some strange words.
The yellow draconian annihilator blinks!
There is a fountain of blood here.
There is a stone staircase leading up here.
The orb of fire glows deep purple.
The bolt of fire hits you!! You resist.
Your body deteriorates!
You feel dopey.
The orb of fire glows bright magenta.
The bolt of fire misses you.
You climb upwards.
There is a stone staircase leading down here.
Your system partially rejects the healing.
You feel much better.
A yellow draconian annihilator comes into view.
It is wielding a +0 dagger.
A green draconian annihilator comes into view.
It is wielding a +0 rapier.
A purple draconian comes into view. It is wielding a +0 battleaxe.
A black draconian comes into view. It is wielding a -3 war axe.
The green draconian annihilator mumbles some strange words.
The green draconian annihilator blinks!
A white draconian comes into view.
It is wielding a +1 halberd of protection.
The green draconian annihilator points at you and mumbles some strange words.
The iron shot hits you!!!
Your body deteriorates!
You feel clumsy.
The sentinel's mark upon you fades away.
The green draconian annihilator gestures wildly while chanting.
The green draconian annihilator blinks!
The purple draconian breathes dispelling energy at you.
The bolt of dispelling energy hits you!
* * * LOW HITPOINT WARNING * * *
There is a stone staircase leading up here.
The yellow draconian annihilator gestures wildly while chanting.
The yellow draconian annihilator blinks!
You climb upwards.
Level annotation: 3 runed translucent doors, Bolloll's ghost, adept DDFi
There is a stone staircase leading down here.
(D) Dungeon (T) Temple (L) Lair (S) Swamp (N) Spider Nest (O) Orcish Mines (E) Elven Halls (V) Vaults (U) Depths (Z) Zot
Where to? (Enter - Zot:5, ? - help)
What level of the Dungeon? (default 15, ? - help)
What level of the Dungeon? (default 1, ? - help)
Okay, then.
(D) Dungeon (T) Temple (L) Lair (S) Swamp (N) Spider Nest (O) Orcish Mines (E) Elven Halls (V) Vaults (U) Depths (Z) Zot
Where to? (Enter - Zot:5, ? - help)
What level of the Dungeon? (default 15, ? - help)
A hell beast comes into view.
You are a level 19 Deep Dwarf Fighter.
You are 81% of the way to level 20.
Play time: 00:19:51 (15810 turns) Are you sure you want to abandon this character and quit the game? (Confirm with "yes".)

*,,,..."................,,*
*,,,..###+++###.2.......,,*
*,,*#,#......q#..###...,,,*
,,,**,#.....Dy#..# *,,,,,,*
,,,**.#..#.#Wd#..# *,,,,,,*
*,,*#.#.#...#q#..# *,,***,*
*,,*#.#..#.#.D#..# *,,* *,*
*,,**.#.[!:[(.#..# *,,* *,*
*,,**,*,......#.@# *,,* *,*
,,,**,**#######..# *,,* *,*
,,,,,,,,.........# *,,* *,*
,,,,,,,,.........# *,.# *,*
,,,,,,,,.........##*..# *,*
*,,,,,,,..........##..# *,*
**,,,,,,#!............# *,*
***,,,,,###...........# *,*
,,,,,,,,* #...........##*.#


You could see a black draconian monk, a golden dragon, a storm dragon, a purple
draconian, a white draconian stormcaller, a hell beast, a moth of wrath and
Bolloll's ghost.

Vanquished Creatures
  A golden dragon (Depths:5)
  A bone dragon (Swamp:4)
  the Enchantress (Depths:4)
  2 tentacled monstrosities
  A lich (Abyss:4)
  A quicksilver dragon (Zot:4)
  An Executioner (Abyss:4)
  10 tentacled starspawn
  2 death cobs (Zot:2)
  A sphinx (Depths:5)
  2 thorn hunters
  Gastronok (Lair:2)
  3 shadow dragons
  A draconian monk (Zot:4)
  2 fire giants
  An iron dragon (Depths:4)
  3 storm dragons
  A frost giant (Depths:4)
  2 draconian scorchers
  3 ghost moths
  A deep elf sorcerer (Abyss:4)
  5 emperor scorpions
  An orc warlord (Orc:1)
  A caustic shrike zombie (Depths:2)
  3 draconian shifters
  A cacodemon (Abyss:4)
  8 stone giants
  5 very ugly things
  3 spriggan defenders (Depths:4)
  A reaper (Abyss:4)
  An entropy weaver (Spider:3)
  A green draconian (Depths:5)
  A black draconian (Depths:5)
  4 spark wasps
  4 white draconians
  4 purple draconians
  2 red draconians
  3 yellow draconians (Zot:4)
  3 ettins
  A merfolk javelineer (Depths:1)
  A green death (Abyss:4)
  A yaktaur captain (Depths:4)
  An ogre mage (Depths:4)
  An ice dragon (Depths:4)
  3 fire dragons
  Erolcha (D:9)
  A great orb of eyes (Abyss:4)
  5 rakshasas
  Harold (D:10)
  A boulder beetle (D:13)
  4 spriggan air magi
  6 hydras
  3 ghost crabs
  Erica (Lair:2)
  9 alligators
  A centaur warrior (Depths:1)
  9 two-headed ogres
  8 death scarabs (Spider:4)
  2 tengu warriors
  8 thrashing horrors
  2 vampire magi
  5 deep troll earth magi
  7 deep troll shamans
  4 spriggan berserkers
  A sun demon (Abyss:4)
  5 wretched stars
  4 iron trolls
  4 hell knights (Depths:2)
  2 spatial maelstroms
  5 spriggans
  A spectral emperor scorpion (Spider:4)
  A shadow wraith (Abyss:5)
  2 sixfirhies (Abyss:4)
  6 skeletal warriors
  2 swamp dragons
  A storm dragon skeleton (Abyss:4)
  3 glowing orange brains
  23 deep trolls
  A flayed ghost (Depths:4)
  A spriggan druid (Swamp:4)
  4 spectral hydras (Swamp:4)
  2 unseen horrors
  4 wizards
  A shadow demon (Abyss:4)
  2 spectral wolf spiders (Spider:4)
  4 necromancers
  8 orb spiders
  A tengu skeleton (D:15)
  2 manticores
  9 ugly things
  4 moths of wrath
  3 cyclopes
  17 slime creatures
  A worldbinder (Abyss:5)
  10 wolf spiders
  8 elephants (Lair:4)
  A centaur zombie (D:15)
  A black mamba (Lair:3)
  An apocalypse crab (Abyss:5)
  A frost giant skeleton (Abyss:4)
  An ice statue (IceCv)
  Psyche (D:9)
  An orange demon (Abyss:4)
  2 guardian serpents (Abyss:5)
  7 smoke demons
  10 cane toads
  3 spectral redbacks (Spider:4)
  2 redback zombies (Spider:4)
  2 swamp worm zombies (Swamp:4)
  2 kobold demonologists (Bailey)
  9 demonic crawlers
  3 komodo dragons
  4 yaktaurs (Depths:3)
  A spriggan skeleton (D:15)
  7 ancient zymes
  2 ice devils (D:13)
  3 trolls
  21 jumping spiders
  2 hydra zombies (Swamp:4)
  4 tyrant leeches
  12 hornets
  4 spectral jumping spiders (Spider:4)
  A spectral tarantella (Spider:4)
  Prince Ribbit (D:7)
  A tarantella zombie (Spider:4)
  7 blink frogs
  2 polar bears (IceCv)
  A spectral swamp dragon (Swamp:4)
  3 alligator zombies (Swamp:4)
  A deep troll zombie (D:15)
  13 raiju
  3 ice dragon zombies
  12 large abominations
  An ettin zombie (Depths:1)
  6 bog bodies
  4 flying skulls (Abyss:4)
  A meliai zombie (D:12)
  38 starcursed masses
  An ice dragon skeleton (Depths:1)
  19 redbacks
  15 tarantellas
  6 shadows
  A wyvern (D:15)
  2 wraiths
  2 ynoxinuls
  26 yaks
  A basilisk (Abyss:4)
  7 neqoxecs
  Grum (D:10)
  7 small abominations (Abyss:4)
  2 spatial vortices
  2 spriggan simulacra (Depths:2)
  19 vampire mosquitoes
  3 chaos spawn
  4 swamp worms
  21 insubstantial wisps
  A soldier ant (D:12)
  Duvessa (D:6)
  A spectral hornet (Spider:4)
  4 water moccasins
  5 ice beasts
  4 swamp dragon zombies (Swamp:4)
  16 orc warriors
  4 sky beasts
  An eye of draining (Abyss:4)
  6 phantoms
  A necrophage (D:9)
  10 centaurs
  8 ogres
  5 boggarts (Depths:4)
  13 wolves
  10 bullfrogs
  An earth elemental (Abyss:4)
  Dowan (D:6)
  5 scorpions
  3 killer bees (D:8)
  17 wights
  6 howler monkeys
  2 electric eels (Spider:2)
  4 quasits
  5 hounds
  10 orc wizards
  3 centaur skeletons
  10 orc priests
  A gnoll shaman (D:6)
  2 bullfrog skeletons
  An iguana (D:8)
  A spectral swamp drake (Swamp:4)
  6 worker ants
  A hound skeleton (D:8)
  A worker ant zombie (D:9)
  9 gnolls
  12 adders
  A swamp drake zombie (Swamp:4)
  A shadow imp (D:6)
  4 white imps
  An ufetubus (D:5)
  An adder zombie (D:8)
  2 adder skeletons
  3 dart slugs
  3 leopard geckos
  73 orcs
  A ball python (D:4)
  4 giant cockroaches
  8 goblins
  7 hobgoblins
  3 kobolds
  6 quokkas
  4 bats
  2 frilled lizards
  2 jackal skeletons (D:4)
  2 leopard gecko skeletons
  2 rats
  A bush (D:4)
  A lurking horror (Abyss:5)
  15 starspawn tentacles
999 creatures vanquished.

Vanquished Creatures (collateral kills)
  A golden dragon (Zot:2)
  A bone dragon (Abyss:4)
  A quicksilver dragon (Zot:2)
  2 tentacled starspawn (Abyss:5)
  A nagaraja (Abyss:5)
  A storm dragon (Zot:2)
  An emperor scorpion (Spider:4)
  A ghost moth (Spider:4)
  A draconian shifter (Abyss:5)
  An entropy weaver (Spider:4)
  A vampire knight (Depths:1)
  A green draconian (Zot:2)
  A white draconian (Zot:2)
  An ettin (D:13)
  2 hydras
  A vault guard (D:13)
  A death drake (Swamp:4)
  A phantasmal warrior (Swamp:4)
  2 orb spiders (Spider:3)
  4 wolf spiders
  An ugly thing (Abyss:4)
  An apocalypse crab (Abyss:5)
  A spectral redback (Spider:4)
  A swamp worm zombie (Swamp:4)
  A demonic crawler (Spider:3)
  A komodo dragon (Lair:2)
  5 jumping spiders (Spider:4)
  A spectral tarantella (Spider:4)
  A spectral jumping spider (Spider:4)
  2 raiju
  A hornet (Spider:3)
  2 large abominations
  A tarantella (Spider:4)
  9 redbacks
  A spectral hornet (Spider:4)
  A swamp dragon zombie (Swamp:4)
  A hornet zombie (Spider:4)
  2 bullfrogs (Lair:2)
  2 scorpions (Spider:3)
  An electric eel (Spider:2)
  3 starcursed masses
  A spectral swamp drake (Swamp:4)
  A starspawn tentacle (Abyss:5)
67 creatures vanquished.

Vanquished Creatures (others)
  A very ugly thing (Abyss:4)
  A vampire mage (Depths:3)
  A deep troll earth mage (Depths:4)
  A wizard (D:4)
  2 polar bears (IceCv)
  6 insubstantial wisps (Swamp:4)
  2 wolves (IceCv)
  4 fungi
  9 plants
  36 starspawn tentacles
  A withered plant (D:15)
64 creatures vanquished.

Grand Total: 1130 creatures vanquished

Notes
Turn   | Place    | Note
-------+----------+-------------------------------------------
     0 | D:1      | EnegeticOcto the Deep Dwarf Fighter began the quest for the
                  | Orb.
     0 | D:1      | Reached XP level 1. HP: 20/20 MP: 1/1
   138 | D:1      | Reached XP level 2. HP: 24/27 MP: 2/2
   259 | D:2      | Reached XP level 3. HP: 31/34 MP: 2/2
   366 | D:4      | Noticed a scorpion
   380 | D:4      | Killed a scorpion
   380 | D:4      | Reached XP level 4. HP: 26/42 MP: 3/3
   381 | D:4      | Found a runed translucent gate.
   381 | D:4      | Found a runed translucent gate.
   416 | D:4      | Found a staircase to the Ecumenical Temple.
   429 | Temple   | Entered the Ecumenical Temple
   534 | Temple   | Became a worshipper of Makhleb the Destroyer
   601 | D:4      | Found a runed translucent gate.
   601 | D:4      | Noticed p0werm0de's ghost (amateur GrFi)
   699 | D:4      | Reached XP level 5. HP: 36/49 MP: 4/4
   757 | D:4      | Reached skill level 1 in Invocations
  1066 | D:4      | Reached XP level 6. HP: 53/56 MP: 6/6
  1189 | D:4      | Found a bloodstained altar of Trog.
  1190 | D:4      | Noticed a wizard
  1194 | D:4      | Killed a wizard
  1307 | D:5      | Entered Level 5 of the Dungeon
  1307 | D:5      | Found Illalivi's Jewellery Emporium.
  1315 | D:5      | Noticed an ice beast
  1327 | D:5      | Killed an ice beast
  1359 | D:5      | Reached skill level 5 in Axes
  1454 | D:5      | Reached * piety under Makhleb
  1602 | D:5      | Reached XP level 7. HP: 63/63 MP: 2/4
  2106 | D:6      | Reached skill level 5 in Armour
  2106 | D:6      | Reached skill level 5 in Shields
  2269 | D:6      | Reached XP level 8. HP: 63/73 MP: 5/5
  2358 | D:6      | Noticed Duvessa
  2358 | D:6      | Noticed Dowan
  2372 | D:6      | Killed Dowan
  2381 | D:6      | Killed Duvessa
  3033 | D:7      | Noticed Prince Ribbit
  3076 | D:7      | Killed Prince Ribbit
  3076 | D:7      | Reached skill level 5 in Fighting
  3076 | D:7      | Reached skill level 5 in Invocations
  3154 | D:7      | You fall into a shaft and drop 1 floor!
  3200 | D:8      | Reached ** piety under Makhleb
  3334 | D:8      | Found a flagged portal.
  3531 | Bailey   | Entered a bailey
  3578 | Bailey   | Gained mutation: You passively map the area around you.
                  | [Deep Dwarf growth]
  3578 | Bailey   | Reached XP level 9. HP: 58/81 MP: 5/5
  3587 | Bailey   | Noticed a kobold demonologist
  3588 | Bailey   | Found an iron altar of Okawaru.
  3588 | Bailey   | Noticed a kobold demonologist
  3604 | Bailey   | Noticed an ice devil
  3622 | Bailey   | Killed a kobold demonologist
  3633 | Bailey   | Killed a kobold demonologist
  3713 | Bailey   | Acquired a +3 plate armour of fire resistance
  3864 | D:8      | Reached *** piety under Makhleb
  3968 | D:8      | Found an ancient bone altar of Kikubaaqudgha.
  4672 | D:9      | Reached XP level 10. HP: 68/91 MP: 4/4
  4702 | D:9      | Noticed Psyche
  4712 | D:9      | Killed Psyche
  5020 | D:9      | Found a runed translucent door.
  5020 | D:9      | Found a shimmering altar of Xom.
  5020 | D:9      | Noticed a +1 trident of chaos
  5020 | D:9      | Noticed Flugslaktarn's ghost (novice HaGl)
  5071 | D:9      | Noticed Erolcha
  5078 | D:9      | Killed Erolcha
  5078 | D:9      | Reached skill level 10 in Axes
  5085 | D:9      | Reached **** piety under Makhleb
  5395 | D:10     | Entered Level 10 of the Dungeon
  5603 | D:10     | Noticed Harold
  5637 | D:10     | Killed Harold
  5659 | D:10     | Noticed Grum
  5678 | D:10     | Killed Grum
  5726 | D:10     | Found the +9 scales of the Dragon King {rPois rF+ rC+ MR+}
  5960 | D:10     | Reached XP level 11. HP: 89/100 MP: 6/6
  6058 | D:11     | Noticed a two-headed ogre
  6066 | D:11     | Killed a two-headed ogre
  6110 | D:11     | Killed an unseen horror
  6150 | D:11     | Noticed a five-headed hydra
  6182 | D:11     | Killed a 13-headed hydra
  6207 | D:11     | Found a staircase to the Lair.
  6484 | D:11     | Noticed a wizard
  6489 | D:11     | Killed a wizard
  6511 | D:11     | Found Jofitega's Book Shoppe.
  6559 | D:11     | Found a staircase to the Orcish Mines.
  6593 | D:11     | Noticed a skeletal warrior
  6593 | D:11     | Noticed a skeletal warrior
  6593 | D:11     | Noticed a skeletal warrior
  6648 | D:11     | Killed a skeletal warrior
  6660 | D:11     | Killed a skeletal warrior
  6660 | D:11     | Reached skill level 1 in Evocations
  6663 | D:11     | Killed a skeletal warrior
  6667 | D:11     | Noticed a skeletal warrior
  6685 | D:11     | Killed a skeletal warrior
  6698 | D:11     | Noticed a red ugly thing
  6729 | D:11     | Killed a red ugly thing
  7201 | D:12     | Reached XP level 12. HP: 110/110 MP: 6/6
  7203 | D:12     | Noticed a two-headed ogre
  7213 | D:12     | Killed a two-headed ogre
  7213 | D:12     | Reached skill level 10 in Invocations
  7446 | D:13     | Found a frozen archway.
  7477 | IceCv    | Entered an ice cave
  7537 | IceCv    | Got a pitted amethyst amulet
  7550 | IceCv    | Identified the amulet "Miadim" {Reflect Str+3 Dex+6 SH+5}
                  | (You found it in an ice cave)
  7631 | D:13     | Found Vedoc's Weapon Shoppe.
  7652 | D:13     | Noticed a two-headed ogre
  7663 | D:13     | Killed a two-headed ogre
  7667 | D:13     | Reached skill level 10 in Shields
  7667 | D:13     | Reached skill level 5 in Evocations
  7689 | D:13     | Reached skill level 10 in Armour
  7893 | D:13     | Noticed a boulder beetle
  7912 | D:13     | Killed a boulder beetle
  7926 | D:13     | Noticed a six-headed hydra
  7926 | D:13     | Noticed a vault guard
  7931 | D:13     | Noticed an ettin
  7942 | D:13     | Killed a 14-headed hydra
  7945 | D:13     | Killed a vault guard
  7949 | D:13     | Killed an ettin
  7976 | D:13     | Found a gate to the Vaults.
  8043 | D:13     | Found a shadowy altar of Dithmenos.
  8378 | D:14     | Reached ***** piety under Makhleb
  8447 | D:15     | Entered Level 15 of the Dungeon
  8488 | D:15     | Reached XP level 13. HP: 110/120 MP: 4/4
  8593 | Lair:1   | Entered Level 1 of the Lair of Beasts
  8712 | Lair:2   | Noticed Gastronok
  8723 | Lair:2   | Killed Gastronok
  8886 | Lair:2   | Found a hole to the Spider Nest.
  9018 | Lair:2   | Noticed Erica
  9025 | Lair:2   | Killed Erica
  9680 | Lair:3   | Found a shimmering altar of Xom.
  9680 | Lair:3   | Noticed PanSaczeczos's ghost (journeyman GrEE)
  9684 | Lair:3   | Found a runed translucent door.
 10013 | Lair:4   | Found a staircase to the Swamp.
 10077 | Swamp:1  | Entered Level 1 of the Swamp
 10267 | Swamp:1  | Gained mutation: You resist negative energy. (rN+) [Deep
                  | Dwarf growth]
 10267 | Swamp:1  | Reached XP level 14. HP: 129/129 MP: 6/6
 10286 | Swamp:2  | Reached skill level 1 in Spellcasting
 10339 | Swamp:3  | Noticed a thorn hunter
 10355 | Swamp:3  | Killed a thorn hunter
 10360 | Swamp:4  | Entered Level 4 of the Swamp
 10372 | Swamp:4  | Reached ****** piety under Makhleb
 10667 | Swamp:4  | Reached skill level 15 in Axes
 10732 | Swamp:4  | Got an encrusted kite shield
 10776 | Swamp:4  | Noticed a bone dragon
 10827 | Swamp:4  | Killed a bone dragon
 10840 | Swamp:4  | Identified the +3 kite shield of Indomitability {Str+4}
                  | (You found it on level 4 of the Swamp)
 10860 | Swamp:4  | Got a decaying rune of Zot
 11070 | Swamp:2  | Reached skill level 10 in Fighting
 11252 | Spider:1 | Entered Level 1 of the Spider Nest
 11305 | Spider:1 | Reached XP level 15. HP: 135/135 MP: 8/8
 11562 | Spider:3 | Killed a ghost moth
 11562 | Spider:3 | Reached skill level 5 in Spellcasting
 11702 | Spider:4 | Entered Level 4 of the Spider Nest
 11734 | Spider:4 | Reached skill level 15 in Invocations
 11743 | Spider:4 | Reached skill level 10 in Evocations
 11751 | Spider:4 | Killed a ghost moth
 11970 | Spider:4 | Killed a ghost moth
 11977 | Spider:4 | Killed a ghost moth
 11977 | Spider:4 | Reached XP level 16. HP: 145/148 MP: 1/10
 12024 | Spider:4 | Got a gossamer rune of Zot
 12269 | Orc:1    | Entered Level 1 of the Orcish Mines
 12423 | Orc:2    | Entered Level 2 of the Orcish Mines
 12754 | D:15     | Found a staircase to the Depths.
 12815 | Depths:1 | Entered Level 1 of the Depths
 12895 | Depths:1 | Found a one-way gate to the infinite horrors of the Abyss.
 12932 | Depths:1 | Voluntarily entered the Abyss.
 12967 | Abyss:3  | Found a corrupted altar of Lugonu.
 13030 | Abyss:4  | Found a corrupted altar of Lugonu.
 13090 | Abyss:4  | Gained mutation: Your body sometimes deteriorates upon
                  | taking damage. [a neqoxec]
 13093 | Abyss:4  | Gained mutation: Your magical capacity is low. (-10% MP) [a
                  | neqoxec]
 13141 | Abyss:4  | Found a corrupted altar of Lugonu.
 13142 | Abyss:4  | Noticed a tentacled starspawn
 13248 | Abyss:4  | Noticed an Executioner
 13296 | Abyss:4  | Noticed a bone dragon
 13296 | Abyss:4  | Killed an Executioner
 13324 | Abyss:4  | Killed a bone dragon
 13328 | Abyss:4  | Reached XP level 17. HP: 94/159 MP: 7/7
 13641 | Abyss:4  | Gained mutation: Your spells are a little easier to cast,
                  | but a little less powerful. [a neqoxec]
 13677 | Abyss:4  | Reached skill level 10 in Spellcasting
 13723 | Abyss:4  | Paralysed by accursed screaming for 2 turns
 13836 | Abyss:4  | Found a corrupted altar of Lugonu.
 13864 | Abyss:4  | Noticed a lich
 13874 | Abyss:4  | Killed a lich
 13920 | Abyss:4  | Gained mutation: Armour fits poorly on your strangely
                  | shaped body. [a cacodemon]
 13966 | Abyss:4  | Gained mutation: You are extremely frail. (-30% HP) [a
                  | neqoxec]
 13967 | Abyss:5  | Entered Level 5 of the Abyss
 14194 | Abyss:5  | Gained mutation: Scrolls take you a little longer to read.
                  | [a neqoxec]
 14290 | Abyss:5  | Noticed a profane servitor
 14303 | Abyss:5  | Lost mutation: Your body often deteriorates upon taking
                  | damage. [a neqoxec]
 14308 | Abyss:5  | Gained mutation: Your body often deteriorates upon taking
                  | damage. [a neqoxec]
 14416 | Abyss:5  | Paralysed by accursed screaming for 1 turns
 14432 | Abyss:5  | Gained mutation: You passively map a large area around you.
                  | [Deep Dwarf growth]
 14432 | Abyss:5  | Reached XP level 18. HP: 87/152 MP: 9/9
 14489 | Abyss:5  | Got an abyssal rune of Zot
 14495 | Depths:1 | Escaped the Abyss
 14685 | Depths:3 | Reached skill level 15 in Shields
 14810 | Depths:4 | Found a gateway to a ziggurat.
 14821 | Depths:4 | Reached skill level 15 in Armour
 14880 | Depths:4 | Noticed the Enchantress
 14909 | Depths:4 | Reached XP level 19. HP: 162/162 MP: 9/9
 14934 | Depths:4 | Killed the Enchantress
 15316 | Depths:5 | Entered Level 5 of the Depths
 15440 | Depths:5 | Found a gate to the Realm of Zot.
 15440 | Depths:5 | Noticed a golden dragon
 15455 | Depths:5 | Killed a golden dragon
 15475 | Zot:1    | Entered Level 1 of the Realm of Zot
 15479 | Zot:2    | Noticed a golden dragon
 15491 | Zot:2    | Killed a golden dragon
 15605 | Zot:3    | Noticed Bolloll's ghost (adept DDFi)
 15611 | Zot:3    | Found a runed translucent gate.
 15611 | Zot:3    | Found a runed translucent gate.
 15611 | Zot:3    | Found a runed translucent gate.
 15613 | Zot:3    | Noticed a golden dragon
 15709 | Zot:5    | Entered Level 5 of the Realm of Zot
 15727 | Zot:5    | Noticed an orb of fire
 15727 | Zot:5    | Noticed an orb of fire
 15727 | Zot:5    | Noticed an orb of fire
 15728 | Zot:5    | Noticed an orb of fire
 15728 | Zot:5    | Noticed a Killer Klown
 15729 | Zot:5    | Noticed an orb of fire
 15729 | Zot:5    | Noticed an electric golem
 15729 | Zot:5    | Noticed an orb of fire
 15729 | Zot:5    | Gained mutation: Your spells are easier to cast, but less
                  | powerful. [an orb of fire]
 15737 | Zot:5    | Lost mutation: You are frail. (-10% HP) [an orb of fire]
 15751 | Zot:5    | Gained mutation: Potions are less effective at restoring
                  | your health. [an orb of fire]
 15752 | Zot:5    | Noticed a Killer Klown
 15753 | Zot:5    | Noticed an orb of fire
 15756 | Zot:5    | Gained mutation: Your magical capacity is very low. (-20%
                  | MP) [an orb of fire]
 15759 | Zot:5    | Noticed a Killer Klown
 15759 | Zot:5    | Noticed an orb of fire
 15759 | Zot:5    | Noticed an orb of fire
 15759 | Zot:5    | Noticed an orb of fire
 15760 | Zot:5    | Noticed an electric golem
 15760 | Zot:5    | Noticed a golden dragon
 15767 | Zot:5    | Got the Orb of Zot
 15812 | Zot:3    | Quit the game

Illustrated notes

Levels and vault maps discovered:
D:1:      nicolae_arrival_memento_mori, layout_rooms
D:2:      layout_loops_ring, uniq_robin
D:3:      layout_basic
D:4:      layout_loops_ring, minmay_temple_entry_fiery,
          ebering_ghost_rock_garden, minmay_hedge_maze, trog_wizard
D:5:      layout_basic, serial_shops, shop
D:6:      layout_basic, uniq_duvessa
D:7:      layout_rooms, uniq_prince_ribbit1
D:8:      layout_basic, kennysheep_mini_moat, enter_ossuary_5, enter_bailey_8
D:9:      layout_basic, ebering_ghost_xom, uniq_erolcha, uniq_psyche
D:10:     layout_roguey, uniq_grum, uniq_harold
D:11:     layout_loops_cross, lair_entry_dummy, orc_0_dummy, serial_shops, shop
D:12:     layout_basic
D:13:     layout_long_grid, david_vaults_4, basic_altar, serial_shops,
          nicolae_shop_waterfront, portal_ice_cave_demonic_guard
D:14:     layout_roguey, chequers_serial_rivers_small_3
D:15:     gammafunk_depths_entry_grave, layout_irregular_city,
          serial_column_ruins, column_ruins_hut, column_ruins_hut,
          column_ruins_columns_straight, column_ruins_grid_4,
          column_ruins_grid_3, column_ruins_open_large, minmay_joined_circles,
          uniq_agnes, uniq_josephine, uniq_louise
Temple:   kilobyte_greek_temple
Lair:1:   layout_cave_pods, serial_bayou_shore_b, minmay_lair_oklob_chamber
Lair:2:   layout_gridlike, nicolae_spider_entry_tight_spaces, uniq_gastronok,
          uniq_erica
Lair:3:   layout_cave_shapes, ebering_ghost_xom, serial_bayou_crossing
Lair:4:   layout_regular_city, minmay_swamp_entry_swarm, serial_bayou_shore_b
Swamp:1:  layout_basic_swamp, ebering_ghost_inner_flame,
          evilmike_swamp_ruin_house_6, infiniplex_staircase_pool
Swamp:2:  layout_basic_swamp, hangedman_swamp_ruin_wall, uniq_jorgrun,
          uniq_frances
Swamp:3:  layout_basic_swamp, evilmike_swamp_ruin_house_1
Swamp:4:  swamp_pestilence, layout_basic_swamp
Spider:1: layout_spider_delve, drop_trap, uniq_donald
Spider:2: layout_chambers, hive_lemuel, uniq_kirke
Spider:3: nicolae_spider_corner, hangedman_spider_tarantella_strand
Spider:4: floodkiller_spider_rune_tomb, uniq_bai_suzhen
Orc:1:    layout_caves, basic_altar
Orc:2:    pubby_orc_utopia, serial_shops
Depths:1: layout_cave_pools, hell_entry, rand_demon_pan_entry_5, abyss_entry,
          serial_bayou_pond_a, chequers_jeans, minmay_misc_feat_rugged,
          st_stairs_6, hangedman_decor_peaks_small, solitary_fountain,
          grunt_decor_clamped, minmay_misc_feat_alley
Depths:2: minmay_the_grid_octo_triangle [minmay_the_grid_octo_empty,
          minmay_the_grid_octo_prize_ultimate_mussel_roller,
          minmay_the_grid_octo_teeth], layout_gridlike, rand_demon_pan_entry_4,
          hell_entry, minmay_librarian, infiniplex_staircase_zigzag_5,
          serial_bayou_shore_b
Depths:3: minmay_bloctagon_deflated, layout_cave_pools, serial_glass,
          glass_columns_c, glass_columns_a, minmay_strange_pillars,
          abyss_entry_crystal, grunt_pan_entry_spiral, pf_hell_entry_great_geh,
          uniq_saint_roka
Depths:4: minmay_inside_and_out, layout_cave_pools, enter_ziggurat_e,
          abyss_entry, grunt_hell_entry_dis_old, serial_sigils_hangedman_shear,
          fake_guardian_serpent_vault, uniq_enchantress
Depths:5: grunt_twist_and_shout, layout_gridville,
          hangedman_abyss_or_decor_jellyfish_corner,
          gammafunk_ghost_tricky_traps, hell_entry, drop_trap,
          minmay_fractal_squares_diagonal_5
Zot:1:    kennysheep_room_grid, layout_onion_interference
Zot:2:    kennysheep_spiral_hall, layout_onion, st_large_dragon_hoard_4
Zot:3:    layout_onion, gammafunk_ghost_split, grunt_megastairs_2
Zot:4:    layout_misc_corridors
Zot:5:    layout_cellular_growth, guppyfry_library_mini

Skill      XL: |  1  2  3  4  5  6  7  8  9 10 11 12 13 14 15 16 17 18 19 |
---------------+----------------------------------------------------------+-----
Axes           | 3 4 5 6 7 9 11 12 13 14 15 16 | 16.0
Fighting       | 3 4 5 6 7 8 9 10 11 12 13 14 | 14.2
Armour         | 4 5 6 7 8 9 10 11 12 13 14 15 16 | 16.4
Shields        | 4 5 6 7 8 9 10 11 12 13 14 15 | 15.0
Invocations    | 1 2 4 5 7 8 9 11 13 14 15 | 15.0
Evocations     | 3 6 7 9 10 | 10.0
Spellcasting   | 4 6 9 11 13 14 | 14.4

Action                   |  1- 3 |  4- 6 |  7- 9 | 10-12 | 13-15 | 16-18 | 19-21 || total
-------------------------+-------+-------+-------+-------+-------+-------+-------++-------
Melee: War axe           |    78 |   183 |   303 |       |   909 |  1043 |   265 ||  2781
       Broad axe         |       |       |   142 |   714 |   100 |       |       ||   956
       Unarmed           |       |       |       |       |       |     5 |       ||     5
Invok: Lesser Servant of |       |       |       |     7 |    19 |     4 |     2 ||    32
       Greater Servant o |       |       |       |       |     4 |     8 |     2 ||    14
 Abil: Heal Wounds       |     1 |    11 |    21 |    19 |       |    18 |    12 ||    82
Evoke: Tin of tremorston |       |       |       |     3 |       |    13 |       ||    16
       Wand              |       |       |       |       |       |       |     1 ||     1
  Use: Scroll            |       |       |    16 |     6 |    12 |    12 |    10 ||    56
       Potion            |       |       |       |       |     1 |     4 |     4 ||     9
 Stab: Distracted        |       |       |       |     1 |    10 |     5 |     4 ||    20
       Confused          |       |       |       |       |     1 |       |       ||     1
Armor: Scale mail        |    40 |    52 |    20 |       |       |       |       ||   112
       Chain mail        |       |       |   133 |       |       |       |       ||   133
       Plate armour      |       |       |    61 |    81 |       |       |       ||   142
       Gold dragon scale |       |       |       |   566 |   888 |   765 |   222 ||  2441
Dodge: Dodged            |    26 |    28 |    96 |   115 |   177 |   225 |    64 ||   731
Block: Kite shield       |    47 |    70 |   294 |   625 |  1321 |  1241 |   351 ||  3949
       Reflection        |       |       |       |    12 |     4 |    35 |     6 ||    57

Table legend: (Time is in decaauts)
 A = Elapsed time spent in this place.
 B = Non-inter-level travel time spent in this place.
 C = Inter-level travel time spent in this place.
 D = Time resting spent in this place.
 E = Time spent auto-exploring this place.
 F = Levels seen in this place.
 G = Mean time per level.
                   A        B        C        D        E       F      G
               +--------+--------+--------+--------+--------+-----+--------+
         Total |  15602 |  14332 |   1270 |     47 |   8359 |  47 |  332.0 |
       Dungeon |   8463 |   7828 |    635 |     24 |   5515 |  15 |  564.2 |
        Temple |    147 |    106 |     41 |      0 |     95 |   1 |  147.0 |
          Lair |   1601 |   1389 |    212 |      0 |   1028 |   4 |  400.2 |
         Swamp |   1109 |   1009 |    100 |      0 |    433 |   4 |  277.2 |
   Spider Nest |    837 |    699 |    138 |      0 |    116 |   4 |  209.2 |
  Orcish Mines |    345 |    293 |     52 |      0 |    193 |   2 |  172.5 |
        Depths |    969 |    950 |     19 |      0 |    380 |   5 |  193.8 |
           Zot |    281 |    211 |     70 |     21 |      0 |   5 |   56.2 |
         Abyss |   1411 |   1411 |      0 |      0 |    530 |   5 |  282.2 |
        Bailey |    307 |    307 |      0 |      0 |     58 |   1 |  307.0 |
      Ice Cave |    128 |    128 |      0 |      2 |     10 |   1 |  128.0 |
               +--------+--------+--------+--------+--------+-----+--------+

Top non-repeatable levels by time:
     D:8: 1118 daAuts
     D:6: 1039 daAuts
    D:13: 905 daAuts
 Abyss:4: 878 daAuts
  Lair:2: 874 daAuts
     D:9: 871 daAuts
     D:4: 853 daAuts
    D:11: 831 daAuts
     D:5: 675 daAuts
    D:10: 670 daAuts
    D:12: 632 daAuts
 Swamp:4: 531 daAuts
  Lair:3: 510 daAuts
 Abyss:5: 480 daAuts
Depths:4: 469 daAuts
